 Dungeon Crawl Stone Soup version 0.29-a0-1039-gfc20370e89 (webtiles) character file.

Game seed: 14506649314357202402

37 BritishOli the Trooper (level 3, 27/29 HPs)
             Began as a Demonspawn Fighter on Aug 15, 2022.
             Got out of the dungeon alive.
             The game lasted 00:00:45 (507 turns).

BritishOli the Trooper (Demonspawn Fighter)          Turns: 507, Time: 00:00:45

Health: 27/29      AC:  6    Str: 18    XL:     3   Next: 21%
Magic:  3/3        EV:  9    Int:  9    God:
Gold:   72         SH:  4    Dex: 12    Spells: 2/2 levels left

rFire   . . .      SeeInvis .   a - +0 long sword
rCold   . . .      Faith    .   c - +0 buckler
rNeg    . . .      Spirit   .   b - +0 scale mail
rPois   .          Reflect  .   (no helmet)
rElec   .          Harm     .   (no cloak)
rCorr   .          Rampage  .   (no gloves)
Will    .....                   (no boots)
Stlth   ..........              (no amulet)
HPRegen 0.09/turn               (no ring)
MPRegen 0.08/turn               (no ring)

@: no status effects
A: demonic guardian 1, demonic magic 1
a: no special abilities


You escaped.
You visited 1 branch of the dungeon, and saw 1 of its levels.

You collected 72 gold pieces.

Inventory:

Hand Weapons
 a - a +0 long sword (weapon)
Armour
 b - a +0 scale mail (worn)
 c - a +0 buckler (worn)
Jewellery
 f - a ring of fire
Scrolls
 e - a scroll of butterflies {unknown}
 g - a scroll of vulnerability {unknown}
 i - 2 scrolls of identify {unknown}
 j - a scroll of teleportation {unknown}
Potions
 d - a potion of might
 h - a potion of heal wounds {unknown}


   Skills:
 + Level 3.3 Fighting
 + Level 2.2 Long Blades
 + Level 3.0 Armour
 + Level 3.0 Shields


You had 2 spell levels left.
You didn't know any spells.
Your spell library was empty.

Dungeon Overview and Level Annotations

Branches:
Dungeon (1/15)

Altars:

Shops:
D:1 ?


Innate Abilities, Weirdness & Mutations

A weak demonic guardian rushes to your aid.
Spells you cast may paralyse adjacent enemies.


Message History

You slash the bat!
You kill the bat!
The hobgoblin misses you. The hobgoblin closely misses you.
You completely miss the hobgoblin.
The hobgoblin hits you but does no damage.
You hit the hobgoblin.
The hobgoblin is severely wounded.
The hobgoblin misses you.
You hit the hobgoblin.
You kill the hobgoblin!
The ball python closely misses you. x2
You hit the ball python.
The ball python is moderately wounded.
The ball python bites you. The ball python closely misses you.
You slash the ball python!
You kill the ball python!
No target in view!
No target in view!
No target in view!
No target in view!
No target in view!
No target in view!
No target in view!
No target in view!
No target in view!
No target in view!
No target in view!
No target in view!
No target in view!
No target in view!
No target in view!
No target in view!
No target in view!
No target in view!
You enter the shallow water.
Moving in this stuff is going to be slow.
There is a large open door here.
There is a staircase leading out of the dungeon here.
Are you sure you want to leave the Dungeon?
This will make you lose the game!
You have escaped!

#.#.##........##.##.#.#
#.>....#########.##.#.#
###.############......#
#...~~~≈≈≈≈~~~#.....###
#.#.~8~~§≈~~8~#.##### #
#.#.~~8~~~~8~~.....# #
#...≈~~####~~≈#.##.#### #
#...≈≈~'..#~≈≈#.##....####
##..≈§~'.@#~≈≈..##........
#..≈~~####~~≈###.......##
#..~~8~~~~8~~.....#.##.#.
###~8~~≈≈~~8~#.#..#.##...
#~~~≈≈≈≈~~~#.##....#..#
############.###.....##
#.# ##...## #.+ ##.## #.#
#+#


There were no monsters in sight!

Vanquished Creatures
  3 dart slugs (D:1)
  2 endoplasms (D:1)
  A giant cockroach (D:1)
  A goblin (D:1)
  3 hobgoblins (D:1)
  6 jackals (D:1)
  A quokka (D:1)
  A ball python (D:1)
  2 bats (D:1)
  2 frilled lizards (D:1)
  A kobold (D:1)
  2 rats (D:1)
25 creatures vanquished.

Vanquished Creatures (collateral kills)
  2 jackals (D:1)
2 creatures vanquished.

Grand Total: 27 creatures vanquished

Notes
Turn   | Place    | Note
-------+----------+-------------------------------------------
     0 | D:1      | BritishOli the Demonspawn Fighter began the quest for the
                  | Orb.
     0 | D:1      | Reached XP level 1. HP: 18/18 MP: 1/1
   118 | D:1      | Gained mutation: A weak demonic guardian rushes to your
                  | aid. [demonic ancestry]
   118 | D:1      | Reached XP level 2. HP: 22/24 MP: 2/2
   145 | D:1      | Found Dafaniet's Magic Scroll Shoppe.
   432 | D:1      | Gained mutation: Spells you cast may paralyse adjacent
                  | enemies. [demonic ancestry]
   432 | D:1      | Reached XP level 3. HP: 27/29 MP: 3/3
   507 | D:$      | Got out of the dungeon alive.

Illustrated notes

Levels and vault maps discovered:
D:1:      lightli_arrival_boilingwater, layout_loops_cross, serial_shops,
          nicolae_shop_stone, serial_bayou_pond_d, grunt_decor_arrowhead

Skill      XL: |  1  2 |
---------------+-------+-----
Long Blades    | 2 |  2.2
Armour         | 3 |  3.0
Shields        | 3 |  3.0
Fighting       | |  3.3

Action                   || total
-------------------------++-------
Melee: Long sword        ||   100
Armor: Scale mail        ||    71
Dodge: Dodged            ||    59
Block: Buckler           ||    31

Table legend: (Time is in decaauts)
 A = Elapsed time spent in this place.
 B = Non-inter-level travel time spent in this place.
 C = Inter-level travel time spent in this place.
 D = Time resting spent in this place.
 E = Time spent auto-exploring this place.
 F = Levels seen in this place.
 G = Mean time per level.
                   A        B        C        D        E       F      G
               +--------+--------+--------+--------+--------+-----+--------+
         Total |    548 |    506 |     42 |      0 |    320 |   1 |  548.0 |
       Dungeon |    548 |    506 |     42 |      0 |    320 |   1 |  548.0 |
               +--------+--------+--------+--------+--------+-----+--------+

Top non-repeatable levels by time:
     D:1: 548 daAuts
